 Dungeon Crawl Stone Soup version 0.22.1-1-ga44c0e5 (webtiles) character file.

8224 brandon the Destroyer (level 11, -10/59 HPs)
             Began as a Deep Elf Fire Elementalist on Oct 8, 2018.
             Was a Believer of Vehumet.
             Shot with an arrow by Nessos (17 damage)
             ... on level 12 of the Dungeon.
             The game lasted 00:25:27 (11998 turns).

brandon the Destroyer (Deep Elf Fire Elementalist) Turns: 11998, Time: 00:25:27

Health: -10/59     AC:  7    Str:  5    XL:     11   Next: 7%
Magic:  13/28      EV: 12    Int: 24    God:    Vehumet [**....]
Gold:   447        SH:  0    Dex: 19    Spells: 17/32 levels left

rFire    . . .     SeeInvis .   v - staff of poison
rCold    . . .     Gourm    .   (no shield)
rNeg     . . .     Faith    .   y - +1 leather armour of Kykaf {rPois}
rPois    +         Spirit   .   h - +0 helmet
rElec    .         Reflect  .   E - +1 cloak {MR+}
rCorr    .         Harm     .   (no gloves)
MR       +++..                  (no boots)
Stlth    ++........             (no amulet)
HPRegen  0.19/turn              n - ring of protection from magic
MPRegen  0.21/turn              s - +4 ring of dexterity

@: very slightly contaminated
A: no striking features
a: Renounce Religion


You were on level 12 of the Dungeon.
You worshipped Vehumet.
Vehumet was pleased with you.
You were not hungry.

You visited 2 branches of the dungeon, and saw 13 of its levels.

You collected 645 gold pieces.
You spent 198 gold pieces at shops.

Inventory:

Armour
 a - a +0 robe
 h - a +0 helmet (worn)
 y - the +1 leather armour of Kykaf (worn) {rPois}
   (You found it on level 6 of the Dungeon)

   It protects you from poison.
 E - a +1 cloak of magic resistance (worn)
Magical Staves
 v - an uncursed staff of poison (weapon)
Jewellery
 n - a ring of protection from magic (left hand)
 s - a +4 ring of dexterity (right hand)
 D - an uncursed ring of stealth {unknown}
Wands
 A - a wand of disintegration (14)
 F - a wand of iceblast (4)
 G - a wand of scattershot (2)
 I - a wand of flame (24)
Scrolls
 b - a scroll of random uselessness {unknown}
 d - a scroll of fear {unknown}
 g - 2 scrolls of fog
 i - 2 scrolls of blinking
 j - 3 scrolls of teleportation {unknown}
 k - 3 scrolls of magic mapping {unknown}
 m - 2 scrolls of enchant weapon
 o - 2 scrolls of remove curse
 w - 3 scrolls of amnesia
 x - a scroll of immolation {unknown}
 B - a scroll of summoning {unknown}
 H - a scroll of noise {unknown}
 J - 2 scrolls of identify
Potions
 e - 3 potions of heal wounds {unknown}
 l - 2 potions of brilliance {unknown}
 p - a potion of degeneration {unknown}
 q - 2 potions of berserk rage {unknown}
 t - 5 potions of curing
 u - 3 potions of agility {unknown}
 z - a potion of lignification {unknown}
 C - a potion of cancellation {unknown}
Comestibles
 c - 16 rations
 f - 3 chunks of flesh


   Skills:
 + Level 2.7 Fighting
 - Level 2.4 Dodging
 - Level 2.4 Stealth
 + Level 11.2 Spellcasting
 * Level 12.6 Conjurations
 + Level 9.8 Fire Magic


You had 17 spell levels left.
You knew the following spells:

 Your Spells              Type           Power        Failure   Level  Hunger
a - Flame Tongue          Conj/Fire      #####        1%          1    None
b - Throw Flame           Conj/Fire      ######       1%          2    None
c - Conjure Flame         Conj/Fire      ######..     1%          3    None
d - Sticky Flame          Conj/Fire      ######..     1%          4    None
e - Fireball              Conj/Fire      ######....   2%          5    ####...

Your spell library contained the following spells:

 Spells                   Type           Power        Failure   Level  Hunger
 Ignite Poison            Fire/Tmut/Pois #####...     6%          3    None
 Inner Flame              Hex/Fire       #####...     3%          3    None
 Confusing Touch          Hex            ##....       8%          1    None
 Confuse                  Hex            ##......     24%         3    None
 Gell's Gravitas          Tloc           ##........   24%         3    None
 Petrify                  Tmut/Erth      ##......     61%         4    None
 Metabolic Englaciation   Hex/Ice        ##........   91%         5    ####...
 Yara's Violent Unravell  Hex/Tmut       ##........   91%         5    ####...


Dungeon Overview and Level Annotations

Branches:
Dungeon (12/15)            Temple (1/1) D:7             Orc (0/2) D:9
   Lair: D:8-11

Altars:
Ashenzari
Cheibriados
Dithmenos
Elyvilon
Fedhas
Gozag
Hepliaklqana
Kikubaaqudgha
Makhleb
Nemelex Xobeh
Okawaru
Qazlal
Ru
Sif Muna
Trog
Uskayaw
Vehumet
Wu Jian
Xom
Yredelemnul
Zin
The Shining One
Beogh

Shops:
D:8 (   D:9 [

Annotations:
D:12 Nessos


Message History

You destroy the small abomination!
Vehumet accepts your kill.
You feel your power returning.
The small abomination is engulfed in blazing flames.
Blink to where?
Press: ? - help, Dir - move target cursor You are very lightly contaminated with residual magic.
As you read the scroll of blinking, it crumbles to dust.
There is a stone staircase leading down here.
You can't go up here!
You climb downwards.
You hear a distant snort.
Hark!
There is an entrance to a minotaur's labyrinth on this level.
Find the Nessos the Markscentaur comes into view.
Nessos shouts!
Found a stone staircase leading up.
There is a stone staircase leading up here.
Nessos wields a glowing longbow.
It bursts into flame!
Nessos shoots an arrow.
The arrow hits you!
You die...

... ... ..
# ...# .#.#
...#
##...##
#@....#
#.......#
#c........#
#.........#
#.........#
#.........#
#<........#
##.......##


You could see Nessos.

Vanquished Creatures
  An unseen horror (D:8)
  A wizard (D:11)
  A polar bear (D:10)
  2 trolls
  A hippogriff (D:11)
  A large abomination (D:11)
  A wyvern (D:8)
  Eustachio (D:4)
  A yak (D:10)
  A hungry ghost (D:7)
  Duvessa (D:7)
  5 orc warriors
  4 sky beasts
  2 phantoms
  A black bear (D:7)
  2 eyes of draining (D:8)
  3 ice beasts
  6 ogres
  4 centaurs
  3 big kobolds
  Blork the orc (D:5)
  2 small abominations (D:11)
  6 bullfrogs
  A gnoll sergeant (D:7)
  2 water moccasin skeletons
  Dowan (D:7)
  3 scorpions
  3 wights (D:8)
  9 killer bees
  A howler monkey (D:4)
  A centaur zombie (D:7)
  A quasit (D:10)
  4 jellies
  An orc wizard (D:6)
  2 centaur skeletons
  7 hounds
  5 orc priests
  Jessica (D:3)
  10 worker ants
  2 killer bee zombies
  3 hound zombies
  2 hound skeletons
  A worker ant zombie (D:9)
  15 gnolls
  20 adders
  2 white imps (D:10)
  An ufetubus (D:10)
  An adder zombie (D:9)
  3 adder skeletons
  5 worms
  3 dart slugs
  8 leopard geckos
  40 orcs
  2 ball pythons
  11 bats
  4 giant cockroaches
  8 goblins
  3 hobgoblins
  9 jackals
  6 quokkas
  6 frilled lizards
  A jackal skeleton (D:4)
  16 kobolds
  4 rats
  A spectral orc (D:9)
280 creatures vanquished.

Vanquished Creatures (others)
  An orc wizard (D:6)
1 creature vanquished.

Grand Total: 281 creatures vanquished

Notes
Turn   | Place    | Note
-------+----------+-------------------------------------------
     0 | D:1      | brandon the Deep Elf Fire Elementalist began the quest for
                  | the Orb.
     0 | D:1      | Reached XP level 1. HP: 10/10 MP: 6/6
   305 | D:1      | Reached XP level 2. HP: 15/15 MP: 5/8
   312 | D:1      | Learned a level 2 spell: Throw Flame
   406 | D:1      | Reached skill level 2 in Conjurations
   860 | D:2      | Found an ancient bone altar of Kikubaaqudgha.
   879 | D:2      | Reached XP level 3. HP: 18/19 MP: 0/10
   884 | D:2      | Learned a level 3 spell: Conjure Flame
   982 | D:2      | Found a shadowy altar of Dithmenos.
  1139 | D:2      | Found a burning altar of Makhleb.
  1461 | D:2      | Reached skill level 3 in Conjurations
  1468 | D:2      | Reached XP level 4. HP: 19/24 MP: 2/11
  1834 | D:2      | Reached XP level 5. HP: 28/28 MP: 7/13
  1920 | D:2      | Learned a level 4 spell: Sticky Flame
  1945 | D:3      | Reached skill level 4 in Conjurations
  2383 | D:3      | Found a hide-covered altar of Uskayaw.
  2552 | D:3      | Noticed Jessica
  2556 | D:3      | Killed Jessica
  2623 | D:3      | Found a glowing silver altar of Zin.
  2713 | D:3      | Reached XP level 6. HP: 32/32 MP: 9/15
  2753 | D:3      | Reached skill level 5 in Spellcasting
  2761 | D:3      | Reached skill level 5 in Conjurations
  3517 | D:4      | Reached skill level 5 in Fire Magic
  3775 | D:4      | Found an iron altar of Okawaru.
  3824 | D:4      | Reached XP level 7. HP: 36/36 MP: 11/17
  3837 | D:4      | Learned a level 5 spell: Fireball
  3893 | D:4      | Reached skill level 6 in Conjurations
  3977 | D:4      | Noticed Eustachio
  3992 | D:4      | Killed Eustachio
  4457 | D:4      | Found a snail-covered altar of Cheibriados.
  4690 | D:5      | Entered Level 5 of the Dungeon
  4729 | D:5      | Reached skill level 7 in Conjurations
  4754 | D:5      | Noticed Blork the orc
  4770 | D:5      | Killed Blork the orc
  4770 | D:5      | Reached XP level 8. HP: 30/41 MP: 2/20
  4985 | D:5      | You fall through a shaft for 3 floors!
  5185 | D:7      | Reached skill level 8 in Conjurations
  5557 | D:6      | Got a smelly leather armour
  5572 | D:6      | Identified the +1 leather armour of Kykaf {rPois} (You
                  | found it on level 6 of the Dungeon)
  5591 | D:6      | Reached skill level 9 in Conjurations
  5676 | D:6      | Reached XP level 9. HP: 23/45 MP: 7/23
  6179 | D:5      | Found a hazy altar of Hepliaklqana.
  6260 | D:5      | Found a sacrificial altar of Ru.
  7150 | D:7      | Reached skill level 10 in Conjurations
  7597 | D:7      | Noticed Dowan
  7606 | D:7      | Noticed Duvessa
  7607 | D:7      | Killed Dowan
  7615 | D:7      | Killed Duvessa
  7913 | D:7      | Found a staircase to the Ecumenical Temple.
  8045 | Temple   | Entered the Ecumenical Temple
  8273 | Temple   | Became a worshipper of Vehumet
  8871 | D:8      | Killed an unseen horror
  8871 | D:8      | Reached skill level 11 in Conjurations
  8871 | D:8      | Reached XP level 10. HP: 33/50 MP: 11/25
  9094 | D:8      | Found Pepeheup's Antique Weapon Shoppe.
  9269 | D:8      | Reached skill level 10 in Spellcasting
  9644 | D:8      | Reached * piety under Vehumet
  9644 | D:8      | Offered knowledge of Shock by Vehumet.
  9659 | D:8      | Found a bloodstained altar of Trog.
  9865 | D:8      | Found a sparkling altar of Nemelex Xobeh.
 10264 | D:9      | Reached skill level 1 in Fighting
 10311 | D:9      | Found a basalt altar of Yredelemnul.
 10342 | D:9      | Found Lyafoc's Armour Shoppe.
 10350 | D:9      | Bought a +1 cloak of magic resistance for 198 gold pieces
 10382 | D:9      | Found a shadowy altar of Dithmenos.
 10569 | D:9      | Found a roughly hewn altar of Beogh.
 10569 | D:9      | Found a staircase to the Orcish Mines.
 10575 | D:9      | Reached skill level 12 in Conjurations
 10622 | D:9      | Reached ** piety under Vehumet
 10622 | D:9      | Offered knowledge of Magic Dart by Vehumet.
 10877 | D:9      | Found a blossoming altar of Fedhas.
 10928 | D:10     | Entered Level 10 of the Dungeon
 11066 | D:10     | Found a blossoming altar of Fedhas.
 11421 | D:10     | Noticed a centaur warrior
 11499 | D:11     | Offered knowledge of Ignite Poison by Vehumet.
 11909 | D:11     | Noticed a wizard
 11911 | D:11     | Killed a wizard
 11911 | D:11     | Reached XP level 11. HP: 59/59 MP: 17/28
 11997 | D:12     | Noticed Nessos
 11998 | D:12     | Shot with an arrow by Nessos

Skill      XL: |  1  2  3  4  5  6  7  8  9 10 |
---------------+-------------------------------+-----
Conjurations   | 2 3 4 5 7 9 11 12 | 12.6
Fire Magic     | 4 5 6 7 8 9 |  9.8
Spellcasting   | 4 5 6 8 9 11 | 11.2
Fighting       | 2 |  2.7
Dodging        | |  2.4
Stealth        | |  2.4

Action                   |  1- 3 |  4- 6 |  7- 9 | 10-12 || total
-------------------------+-------+-------+-------+-------++-------
Melee: Short sword       |     7 |       |       |       ||     7
       Staff             |       |       |     8 |     2 ||    10
 Cast: Flame Tongue      |    49 |    81 |   177 |   130 ||   437
       Throw Flame       |    15 |    29 |    41 |    38 ||   123
       Sticky Flame      |       |       |    28 |    14 ||    42
       Fireball          |       |       |     5 |    33 ||    38
       Conjure Flame     |       |       |     2 |     1 ||     3
  Use: Scroll            |       |       |     6 |     2 ||     8
       Potion            |       |       |       |     1 ||     1
  Eat: Chunk             |     2 |     7 |    12 |    11 ||    32
       Ration            |       |       |     2 |     1 ||     3
Armor: Robe              |     8 |     4 |     4 |       ||    16
       Leather armour    |       |       |    19 |    13 ||    32
Dodge: Dodged            |    24 |    17 |    62 |    35 ||   138
